Map: [ESL] Inside and Out

Players

DnS

  • Race: Protoss Protoss
  • Spawn Location: 7:00

Serral - Winner!

  • Race: Zerg Zerg
  • Spawn Location: 1:00

Event: DreamHack SC2 Masters 2022 Atlanta (Online)

VOD

Have the link to the VOD?

Description

Time

  • Played on: Sept. 28, 2022, 12:22 p.m.
  • Length: 8:12

All games in this series

Show
View Real Time Build Order
Export as new Build Order

DnS Protoss 

Build Orders: 1 Gate Expand, Colossus Rush 

Get SALT Encoding   

  12  0:00  Probe  
  13  0:12  Probe  
  14  0:18  Pylon  
  14  0:24  Probe (Chrono Boost)  
  15  0:36  Probe (Chrono Boost)  
  15  0:37  Gateway  
  16  0:44  Probe (Chrono Boost)  
  16  0:46  Assimilator  
  17  0:51  Probe  
  18  1:03  Probe  
  19  1:15  Probe  
  20  1:24  Nexus  
  20  1:32  Cybernetics Core  
  20  1:36  Probe  
  21  1:43  Assimilator  
  21  1:48  Probe  
  21  1:51  Pylon  
  22  2:00  Probe (Chrono Boost)  
  23  2:06  Adept (Chrono Boost)  
  23  2:12  Robotics Facility, Probe (Chrono Boost)  
  26  2:19  Warp Gate, Probe (Chrono Boost)  
  27  2:27  Probe (Chrono Boost)  
  28  2:30  Stalker  
  28  2:35  Probe (Chrono Boost)  
  32  2:45  Probe (Chrono Boost)  
  32  2:46  Probe (Chrono Boost)  
  32  2:51  Probe x2 (Chrono Boost)  
  35  3:02  Probe  
  35  3:03  Probe  
  37  3:06  Robotics Bay  
  37  3:08  Warp Prism  
  39  3:14  Probe  
  39  3:15  Probe  
  41  3:20  Gateway  
  41  3:24  Pylon  
  41  3:30  Probe x2  
  43  3:36  Assimilator  
  43  3:38  Pylon  
  43  3:42  Probe x2  
  45  3:50  Disruptor (Chrono Boost), Gravitic Drive (Chrono Boost)  
  45  3:51  Assimilator  
  48  3:55  Probe  
  48  3:56  Probe  
  50  4:02  Pylon  
  50  4:06  Adept  
  50  4:09  Probe x2  
  54  4:14  Adept, Pylon  
  56  4:23  Colossus (Chrono Boost)  
  62  4:34  Probe x2  
  64  4:40  Adept x2  
  66  4:50  Probe  
  63  5:08  Colossus (Chrono Boost)  
  63  5:10  Sentry x2, Gateway  
  63  5:11  Gateway  
  73  5:16  Nexus  
  73  5:18  Pylon  
  73  5:24  Gateway x2  
  73  5:29  Nexus  
  73  5:34  Extended Thermal Lance (Chrono Boost)  
  73  5:35  Sentry x2  
  77  5:39  Pylon  
  77  5:47  Gateway  
  77  5:49  Gateway  
  77  5:53  Disruptor (Chrono Boost)  
  80  6:00  Probe x2  
  80  6:01  Stalker  
  84  6:06  Stalker  
  84  6:08  Stalker  
  88  6:12  Pylon  
  88  6:20  Stalker x2  
  92  6:26  Shield Battery  
  92  6:27  Adept  
  92  6:30  Pylon  
  94  6:34  Stalker  
  94  6:36  Adept  
  94  6:39  Zealot  
  100  6:45  Adept  
  100  6:52  Stalker x2  
  104  6:57  Stalker x2  
  104  6:59  Observer (Chrono Boost)  
  107  7:12  Stalker x3  
  107  7:13  Stalker  
  115  7:26  Stalker x3  
  115  7:34  Stalker  
  117  7:39  Stalker  
  117  7:40  Stalker x2  
  121  7:44  Pylon  
  121  7:47  Zealot  
  115  7:54  Stalker x2  
  109  8:00  Stalker  
  109  8:01  Stalker  
Show
View Real Time Build Order
Export as new Build Order

Serral Zerg - Winner!

Build Orders: Hatch First 

Get SALT Encoding   

  12  0:00  Drone  
  13  0:11  Overlord  
  13  0:16  Drone  
  14  0:30  Drone x2  
  16  0:47  Hatchery  
  15  0:51  Drone  
  15  0:54  Drone  
  17  0:57  Drone  
  18  1:08  Extractor  
  17  1:13  Spawning Pool  
  17  1:16  Drone  
  17  1:20  Drone  
  18  1:28  Drone  
  19  1:38  Drone  
  20  1:48  Overlord  
  20  1:59  Queen  
  20  2:00  Zergling x2, Queen  
  20  2:01  Zergling x2  
  26  2:10  Drone x2  
  26  2:12  Metabolic Boost  
  28  2:20  Drone  
  29  2:23  Drone  
  30  2:36  Hatchery  
  29  2:39  Drone  
  29  2:42  Drone  
  31  2:46  Queen  
  33  2:51  Overlord  
  33  2:53  Drone  
  33  2:55  Drone  
  33  2:57  Drone  
  36  3:04  Overlord  
  36  3:09  Drone  
  36  3:10  Drone x3  
  40  3:15  Queen  
  40  3:17  Drone  
  44  3:20  Drone  
  44  3:26  Queen  
  46  3:27  Drone  
  46  3:32  Drone  
  48  3:38  Drone  
  48  3:39  Drone, Overlord  
  48  3:40  Drone  
  51  3:42  Drone  
  52  3:49  Queen  
  52  3:50  Roach Warren  
  52  3:52  Drone  
  54  3:57  Drone x2  
  54  4:01  Overlord  
  54  4:02  Zergling x6  
  59  4:08  Zergling x4  
  61  4:12  Overlord  
  61  4:15  Zergling x6  
  63  4:19  Spore Crawler x2  
  61  4:30  Spore Crawler  
  60  4:32  Zergling x4  
  60  4:38  Zergling x6  
  64  4:40  Lair  
  64  4:42  Extractor  
  62  4:46  Drone x8  
  62  4:50  Drone x3  
  62  4:51  Drone  
  72  4:54  Drone  
  72  4:59  Drone x2  
  70  5:08  Drone x4  
  70  5:09  Drone  
  70  5:10  Drone  
  70  5:12  Drone x3  
  70  5:13  Extractor  
  78  5:14  Extractor  
  78  5:17  Drone, Evolution Chamber  
  77  5:24  Zergling x2  
  77  5:27  Drone x2  
  79  5:32  Drone  
  79  5:35  Extractor, Overlord x2  
  80  5:39  Glial Reconstitution, Overlord x2  
  80  5:40  Overseer, Overlord  
  79  5:44  Zerg Missile Weapons Level 1  
  79  5:48  Roach  
  81  5:54  Roach x7  
  99  6:09  Drone x4  
  99  6:10  Drone x2  
  99  6:11  Drone, Extractor  
  102  6:13  Infestation Pit  
  102  6:14  Drone  
  102  6:17  Roach x5  
  111  6:23  Hatchery  
  110  6:26  Overlord  
  110  6:29  Drone  
  110  6:30  Drone x2  
  113  6:35  Ravager x3  
  113  6:36  Zergling x8  
  120  6:41  Overlord  
  120  6:44  Zergling x10  
  124  6:53  Hive  
  124  6:54  Zergling x6  
  125  6:55  Hydralisk Den  
  125  7:00  Overlord  
  126  7:03  Zergling x2, Roach x2  
  126  7:04  Zergling x6  
  126  7:07  Zergling x6  
  136  7:12  Roach  
  136  7:13  Roach x2  
  136  7:14  Ravager x2  
  136  7:15  Ravager  
  137  7:18  Overlord x2  
  133  7:27  Roach  
  133  7:28  Roach x2  
  133  7:29  Roach x2  
  136  7:33  Roach  
  136  7:34  Roach  
  136  7:38  Roach x5  
  136  7:40  Ravager  
  136  7:41  Ravager  
  136  7:42  Roach x2  
  148  7:45  Roach x2  
  148  7:46  Zergling x2  
  148  7:47  Ravager x2  
  155  7:52  Roach  
  155  7:53  Roach x2  
Tags
 
Add a new tag
Caveats
  • Supply blocks, unpowered buildings, or Contaminate may cause inaccurate times.
  • Supply counts are checked every 10 seconds.